 Dungeon Crawl Stone Soup version 0.31-a0-1529-g7bd419a0e5 (webtiles) character file.

Game seed: 49440937197840722

39213 Arex the Epochal (level 14, -2/76 HPs)
             Began as a Vine Stalker Fighter on Jan 1, 2024.
             Was an Elder of Cheibriados.
             Slain by a death yak (3 damage)
             ... on level 5 of the Lair of Beasts.
             The game lasted 00:22:44 (13420 turns).

Arex the Epochal (Vine Stalker Fighter)            Turns: 13420, Time: 00:22:45

Health: -2/76      AC: 19    Str: 34    XL:     14   Next: 5%
Magic:  0/33       EV:  8    Int: 18    God:    Cheibriados [****..]
Gold:   902        SH: 13    Dex: 24    Spells: 13/13 levels left

rFire   . .          .
                       - Unarmed
rCold   . . .        b - +0 buckler
rNeg    . . .        P - +0 plate armour
rPois   .            M - +0 helmet
rElec   .            q - +0 cloak
rCorr   .            i - +1 pair of gloves
SInv    .            (no boots)
Will    +....        B - amulet of reflection Stlth
                     m - ring of magical power
HPRegen 1.12/turn    (no ring)
MPRegen 0.23/turn

%: reflection, guardian spirit
@: about to teleport, very slow
A: fangs 3, regeneration 1, magic shield, antimagic bite, no potion heal 2
a: Renounce Religion, Bend Time, Temporal Distortion, Slouch


You were on level 5 of the Lair of Beasts.
You worshipped Cheibriados.
Cheibriados was greatly pleased with you.
You visited 2 branches of the dungeon, and saw 15 of its levels.

You collected 960 gold pieces.
You spent 58 gold pieces at shops.

Inventory:

Hand Weapons
 R - a +4 scimitar of flaming
Missiles
 F - 2 throwing nets
Armour
 b - a +0 buckler (worn)
 i - a +1 pair of gloves (worn)
 q - a +0 cloak (worn)
 M - a +0 helmet (worn)
 P - a +0 plate armour (worn)
Jewellery
 d - a ring of positive energy
 m - a ring of magical power (left hand)
 o - a ring of ice
 B - an amulet of reflection (around neck)
 I - an amulet of regeneration
 Q - a ring of fire
Wands
 a - a wand of acid (1)
 x - a wand of flame (41) (quivered)
 A - a wand of roots (3)
 C - a wand of paralysis (3)
 J - a wand of mindburst (18)
 N - a wand of digging (11)
Scrolls
 g - 5 scrolls of teleportation
 k - 3 scrolls of poison
 n - a scroll of immolation
 p - a scroll of brand weapon
 v - 3 scrolls of silence
 y - a scroll of identify
 z - 3 scrolls of enchant armour
 D - a scroll of fog
 E - a scroll of amnesia
 K - 2 scrolls of noise
 O - 2 scrolls of revelation
Potions
 c - 5 potions of might
 e - 5 potions of haste
 f - 3 potions of lignification
 h - 5 potions of mutation
 j - 8 potions of curing
 l - 2 potions of ambrosia
 r - 6 potions of brilliance
 s - 4 potions of heal wounds
 t - a potion of berserk rage {unknown}
 u - 3 potions of enlightenment
 w - a potion of invisibility {unknown}
 H - 2 potions of cancellation {unknown}
 L - a potion of attraction {unknown}


   Skills:
 + Level 9.8 Fighting
 + Level 9.1 Armour
 + Level 9.7 Shields
 + Level 10.3 Unarmed Combat
 + Level 13.2 Invocations


You had 13 spell levels left.
You didn't know any spells.
Your spell library contained the following spells:

 Spells                   Type           Power      Damage    Failure   Level
 Sublimation of Blood     Necr           0%         N/A       92%         2
 Manifold Assault         Tloc           0%         N/A       100%        4
 Petrify                  Alch/Erth      0%         N/A       100%        4
 Irradiate                Conj/Alch      0%         3d11      100%        5
 Dispersal                Tloc           0%         N/A       100%        6
 Disjunction              Tloc           0%         N/A       100%        8


Dungeon Overview and Level Annotations

Branches:
Dungeon (10/15)            Temple (0/1) D:6            Lair (5/5) D:10
 Shoals (0/4) Lair:3        Snake (0/4) Lair:3        Slime (0/5) Lair:5
    Orc (0/2) D:9

Altars:
Cheibriados
Dithmenos
Fedhas
Gozag
Hepliaklqana
Qazlal
Sif Muna
Trog
Uskayaw
Vehumet
Wu Jian
Xom
The Shining One
Jiyva

Shops:
D:8 :[

Annotations:
Lair:5 exclusion: door


Innate Abilities, Weirdness & Mutations

You have razor-sharp teeth.
Your natural rate of healing is unusually fast.
When hurt, damage is shared between your health and your magic reserves.
Your bite disrupts and absorbs the magic of your enemies.
Potions cannot restore your health.


Message History

You are too injured to fight recklessly!
You are too injured to fight recklessly!
You are too injured to fight recklessly!
You are too injured to fight recklessly!
You are too injured to fight recklessly!
You are too injured to fight recklessly!
You are too injured to fight recklessly!
Unknown command.
Activating: Slouch (1% risk of failure)
Press: ? - help, Dir - look around, f - activate You can feel time thicken for a moment.
You kill the komodo dragon!
Cheibriados appreciates the change of pace.
Cheibriados lowers the support of your attributes as your movement quickens.
The death yak gores you!! The death yak closely misses you.
Unknown command.
Activating: Slouch (1% risk of failure)
Press: ? - help, Dir - look around, f - activate You can feel time thicken for a moment.
You can no longer step out of the flow of time.
Cheibriados lowers the support of your attributes as your movement quickens.
You block the death yak's attack. x2; The death yak gores you!
You barely miss the death yak.
The death yak is severely wounded.
The death yak gores you!
* * * LOW HITPOINT WARNING * * *
The death yak gores you but does no damage.
The death yak gores you!
* * * LOW HITPOINT WARNING * * *
You don't have enough magic at the moment.
Okay, then.
Okay, then.
Okay, then.
As you read the scroll of teleportation, it crumbles to dust.
You feel strangely unstable.
The death yak gores you but does no damage.
The death yak gores you!
* * * LOW HITPOINT WARNING * * *
The death yak gores you.
You die...

##..........
.#.#................
............. .....
...............[...
.............. ... .....
....#+............ .....#
...#...#.... ..#l## .....#
...##+#.#... #YYY###......###
..#....#.....###@##.##........
.#....##......................
..#....##....P#.............#
..#..+#....................#
.#.#..##......#....##......##
...##.........###.##........#
..............#...#.#.......#.
..........<...................
..............................


You could see 3 death yaks and a basilisk.

Vanquished Creatures
  Fannar (Lair:2)
  5 hydras
  A two-headed ogre (D:10)
  Erica (Lair:1)
  4 death yaks (Lair:2)
  A skyshark (Lair:3)
  A salamander (Lair:3)
  10 elephants
  A merfolk siren (Lair:3)
  5 black mambas
  A torpor snail (Lair:3)
  6 cane toads
  14 komodo dragons
  2 polar bears (Lair:4)
  Grinder (D:4)
  7 dream sheep (Lair:4)
  29 blink frogs
  A vampire (D:10)
  5 wyverns
  35 yaks
  2 basilisks
  Duvessa (D:4)
  13 water moccasins
  A sky beast (D:7)
  3 black bears
  8 orc warriors
  An ogre (D:7)
  3 centaurs
  A kobold brigand (D:10)
  9 bullfrogs
  3 gnoll sergeants (D:8)
  6 scorpions
  Dowan (D:4)
  9 wights
  8 killer bees (D:9)
  A howler monkey (D:7)
  2 electric eels (Lair:3)
  2 lava snakes (Lair:3)
  A crimson imp (D:4)
  6 hounds
  A jelly (D:7)
  8 orc priests
  2 sleepcaps
  Jessica (D:3)
  2 gnoll boudas (D:8)
  Natasha (D:3)
  7 hell rats (Lair:3)
  10 orc wizards
  5 iguanas
  14 adders
  26 gnolls
  A shadow imp (D:7)
  3 white imps
  2 ufetubi (D:7)
  2 dart slugs (D:1)
  67 orcs
  2 ribbon worms
  8 endoplasms
  2 giant cockroaches
  7 goblins
  4 hobgoblins
  13 jackals
  3 quokkas
  9 ball pythons
  8 bats
  2 frilled lizards (D:3)
  A goblin zombie (D:4)
  2 hobgoblin zombies (D:4)
  14 kobolds
  2 kobold skeletons (D:4)
  2 kobold zombies (D:4)
  An orc skeleton (D:4)
  An orc zombie (D:4)
445 creatures vanquished.

Notes
Turn   | Place    | Note
-------+----------+-------------------------------------------
     0 | D:1      | Arex the Vine Stalker Fighter began the quest for the Orb.
     0 | D:1      | Reached XP level 1. HP: 11/11 MP: 2/2
   107 | D:1      | Reached XP level 2. HP: 16/16 MP: 3/3
   894 | D:1      | Reached XP level 3. HP: 20/20 MP: 4/4
   963 | D:2      | Found a faded altar of an unknown god.
   972 | D:1      | Reached XP level 4. HP: 13/24 MP: 2/5
   994 | D:2      | Prayed at the altar of an unknown god.
   994 | D:2      | Became a worshipper of Cheibriados the Contemplative
   994 | D:2      | Reached * piety under Cheibriados
  1000 | D:2      | Reached XP level 5. HP: 28/28 MP: 6/6
  1148 | D:2      | Reached ** piety under Cheibriados
  1439 | D:2      | Reached skill level 1 in Invocations
  1692 | D:3      | Reached XP level 6. HP: 32/32 MP: 7/7
  1804 | D:3      | Reached *** piety under Cheibriados
  1919 | D:3      | Noticed Natasha
  1925 | D:3      | Killed Natasha
  2268 | D:3      | Noticed Jessica
  2292 | D:3      | Killed Jessica
  2319 | D:3      | Reached **** piety under Cheibriados
  2447 | D:4      | Reached skill level 2 in Invocations
  2452 | D:4      | Reached XP level 7. HP: 35/37 MP: 9/9
  2538 | D:4      | Found a glowing golden altar of the Shining One.
  2593 | D:4      | Found a shadowy altar of Dithmenos.
  2595 | D:4      | Found a bloodstained altar of Trog.
  2596 | D:4      | Noticed Grinder
  2596 | D:4      | Paralysed by Grinder for 4 turns
  2614 | D:4      | Killed Grinder
  2615 | D:4      | Reached skill level 3 in Invocations
  2625 | D:4      | Found a hazy altar of Hepliaklqana.
  2625 | D:4      | Found a radiant altar of Vehumet.
  2627 | D:4      | Found an ornate altar of the Wu Jian Council.
  2628 | D:4      | Found an opulent altar of Gozag.
  2780 | D:4      | Noticed Duvessa
  2780 | D:4      | Noticed Dowan
  2791 | D:4      | Killed Duvessa
  2792 | D:4      | Gained mutation: You have razor-sharp teeth. [Vine Stalker
                  | growth]
  2792 | D:4      | Reached XP level 8. HP: 37/42 MP: 11/11
  2799 | D:4      | Killed Dowan
  3222 | D:5      | Entered Level 5 of the Dungeon
  3737 | D:5      | Reached skill level 4 in Invocations
  3946 | D:5      | Reached ***** piety under Cheibriados
  3988 | D:5      | Noticed a +0 hand axe
  3989 | D:5      | Noticed a +0 hand axe
  4061 | D:5      | Found a hide-covered altar of Uskayaw.
  4373 | D:6      | Found a staircase to the Ecumenical Temple.
  4680 | D:7      | Reached skill level 5 in Shields
  4680 | D:7      | Reached skill level 5 in Invocations
  4727 | D:7      | Reached skill level 5 in Fighting
  4727 | D:7      | Reached skill level 5 in Unarmed Combat
  4758 | D:7      | Reached XP level 9. HP: 47/47 MP: 14/14
  4797 | D:7      | Found a shimmering blue altar of Sif Muna.
  5019 | D:7      | Reached skill level 6 in Invocations
  5146 | D:7      | Reached skill level 5 in Armour
  5514 | D:8      | Reached ****** piety under Cheibriados
  5659 | D:8      | Reached skill level 7 in Invocations
  5681 | D:8      | Reached XP level 10. HP: 51/53 MP: 16/16
  5928 | D:8      | Found Netsousy's Book Boutique.
  5984 | D:8      | Found Yphoript's Armour Boutique.
  6007 | D:8      | Bought a +0 helmet for 58 gold pieces
  6156 | D:8      | Found a stormy altar of Qazlal.
  6299 | D:9      | Found a staircase to the Orcish Mines.
  6750 | D:9      | Reached skill level 8 in Invocations
  6776 | D:9      | Found a shimmering altar of Xom.
  7422 | D:10     | Entered Level 10 of the Dungeon
  7472 | D:10     | Noticed a two-headed ogre
  7484 | D:10     | Killed a two-headed ogre
  7825 | D:10     | Found a staircase to the Lair.
  7895 | D:10     | Noticed an orc knight
  7984 | D:10     | Found a blossoming altar of Fedhas.
  8060 | Lair:1   | Entered Level 1 of the Lair of Beasts
  8247 | Lair:1   | Reached skill level 9 in Invocations
  8247 | Lair:1   | Reached XP level 11. HP: 58/58 MP: 18/18
  8779 | Lair:1   | Reached skill level 10 in Invocations
  9010 | Lair:1   | Noticed Erica
  9018 | Lair:1   | Killed Erica
  9291 | Lair:2   | Noticed Fannar
  9309 | Lair:2   | Killed Fannar
  9310 | Lair:2   | Reached XP level 12. HP: 58/64 MP: 20/20
  9356 | Lair:2   | Noticed a five-headed hydra
  9365 | Lair:2   | Killed a one-headed hydra
  9721 | Lair:2   | Reached skill level 11 in Invocations
 10029 | Lair:2   | Noticed a death yak
 10029 | Lair:2   | Noticed a death yak
 10029 | Lair:2   | Noticed a death yak
 10029 | Lair:2   | Noticed a death yak
 10040 | Lair:2   | Killed a death yak
 10045 | Lair:2   | Killed a death yak
 10051 | Lair:2   | Killed a death yak
 10057 | Lair:2   | Killed a death yak
 10548 | Lair:3   | Reached skill level 12 in Invocations
 10590 | Lair:3   | Noticed a skyshark
 10602 | Lair:3   | Killed a skyshark
 10658 | Lair:3   | Reached XP level 13. HP: 69/69 MP: 23/23
 10906 | Lair:3   | Found a staircase to the Shoals.
 11170 | Lair:3   | Found a staircase to the Snake Pit.
 11896 | Lair:4   | HP: 2/70 [komodo dragon (3)]
 12812 | Lair:5   | Entered Level 5 of the Lair of Beasts
 12827 | Lair:4   | Reached skill level 10 in Unarmed Combat
 12891 | Lair:5   | Reached skill level 13 in Invocations
 12990 | Lair:5   | Noticed a dire elephant
 13186 | Lair:5   | Reached XP level 14. HP: 68/76 MP: 24/24
 13232 | Lair:5   | Found a viscous altar of Jiyva.
 13232 | Lair:5   | Found a staircase to the Slime Pits.
 13420 | Lair:5   | HP: 1/76 [death yak (7)]
 13420 | Lair:5   | Slain by a death yak

Illustrated notes

Levels and vault maps discovered:
D:1:      ldierk_walled_garden_2, layout_loops_corners, chequers_mini_garden
D:2:      layout_rooms, nicolae_ecumenical_pavilion, grunt_ministairs_9
D:3:      layout_loops_cross, minmay_snake_closets, uniq_natasha, uniq_jessica
D:4:      layout_loops_cross, nicolae_tso_besieged_by_evil,
          grunt_temple_overflow_open, uniq_duvessa, uniq_grinder
D:5:      layout_cave_pods, dancing_weapons_uskayaw
D:6:      layout_rooms, minmay_temple_entry_poolview
D:7:      layout_basic, lemuel_tele_altar, hangedman_decor_slide_cut
D:8:      layout_cave_pools, general_overflow_altar, serial_gnoll_camp,
          gnoll_camp_mini_shop, gnoll_camp_mini_house, gnoll_camp_huts_basic,
          gnoll_camp_mini_shop, gnoll_camp_mini_house, st_stairs_12
D:9:      layout_long_grid, lemuel_round_altar, hiddenorc2_lemuel,
          minivault_25_ag
D:10:     layout_cave_pools, nicolae_overflow_hidden_temple, lair_entry_dummy,
          lightli_corner_chamber
Lair:1:   layout_cave_pods, grunt_megastairs_4, uniq_erica
Lair:2:   layout_cave_pods, serial_forest, infiniplex_forest_clump_small,
          infiniplex_forest_clump_double, infiniplex_forest_clump_double,
          infiniplex_forest_clump_large, infiniplex_forest_lined_3_way,
          infiniplex_forest_side_room, infiniplex_forest_clump_double,
          infiniplex_forest_clump_tiny, minivault_26, uniq_fannar
Lair:3:   layout_regular_city, minmay_shoals_entry_lonely_mermaid,
          nicolae_snake_entry_warm_welcome, serial_bayou_lagoon_a
Lair:4:   layout_cave_pods, beast_lair_carwin_1
Lair:5:   due_jungle_book, layout_regular_city, dpeg_slime_entry_enclosed

Skill      XL: |  1  2  3  4  5  6  7  8  9 10 11 12 13 |
---------------+----------------------------------------+-----
Fighting       | 3 4 5 6 7 8 9 |  9.8
Shields        | 3 4 5 6 7 8 9 |  9.7
Armour         | 3 4 5 6 7 8 9 |  9.1
Unarmed Combat | 3 4 5 6 7 8 9 10 | 10.3
Invocations    | 1 2 3 5 7 9 10 12 13 | 13.2

Action                     |  1- 3 |  4- 6 |  7- 9 | 10-12 | 13-15 || total
---------------------------+-------+-------+-------+-------+-------++-------
  Melee: Unarmed           |    61 |   180 |   331 |   537 |   256 ||  1365
         Bite              |    11 |    47 |   134 |   206 |   143 ||   541
         Scimitar          |       |       |       |     6 |     9 ||    15
 Invoke: Slouch            |       |       |     1 |     6 |     7 ||    14
  Evoke: Wand              |       |       |       |     7 |     7 ||    14
    Use: Potion            |     1 |       |     2 |     2 |       ||     5
         Scroll            |       |     5 |     8 |     7 |     6 ||    26
   Stab: Distracted        |       |       |       |       |     1 ||     1
 Armour: Scale mail        |    45 |   134 |    81 |       |       ||   260
         Chain mail        |       |       |   135 |    23 |       ||   158
         Plate armour      |       |       |       |   336 |   238 ||   574
  Dodge: Dodged            |    23 |    68 |    94 |   156 |    60 ||   401
  Block: Buckler           |    11 |    50 |   102 |   281 |   165 ||   609

Table legend: (Time is in decaauts)
 A = Elapsed time spent in this place.
 B = Non-inter-level travel time spent in this place.
 C = Inter-level travel time spent in this place.
 D = Time resting spent in this place.
 E = Time spent auto-exploring this place.
 F = Levels seen in this place.
 G = Mean time per level.
                   A        B        C        D        E       F      G
               +--------+--------+--------+--------+--------+-----+--------+
         Total |  20800 |  19965 |    835 |    829 |  16129 |  15 | 1386.7 |
       Dungeon |  12282 |  11691 |    591 |    370 |   9514 |  10 | 1228.2 |
          Lair |   8518 |   8274 |    244 |    458 |   6614 |   5 | 1703.6 |
               +--------+--------+--------+--------+--------+-----+--------+

Top non-repeatable levels by time:
  Lair:4: 2057 daAuts
  Lair:2: 1953 daAuts
     D:9: 1913 daAuts
  Lair:1: 1833 daAuts
  Lair:3: 1742 daAuts
     D:5: 1724 daAuts
     D:8: 1451 daAuts
     D:4: 1247 daAuts
     D:3: 1225 daAuts
     D:7: 1144 daAuts
    D:10: 1080 daAuts
     D:1: 979 daAuts
  Lair:5: 932 daAuts
     D:2: 859 daAuts
     D:6: 656 daAuts
